 Dungeon Crawl Stone Soup version 0.32-a0-314-g526f7d4993 (webtiles) character file.

Game seed: 5161038198970834181

1984 IdlyInterested the Slicer (level 9, 0/65 HPs)
             Began as a Demonspawn Fighter on Feb 15, 2024.
             Slain by a black bear (2 damage)
             ... on level 6 of the Dungeon.
             The game lasted 00:19:49 (5435 turns).

IdlyInterested the Slicer (Demonspawn Fighter)      Turns: 5435, Time: 00:19:50

Health: 0/65       AC:  6    Str: 20    XL:     9   Next: 1%
Magic:  19/19      EV:  7    Int:  9    God:
Gold:   227        SH: 13    Dex: 13    Spells: 10/10 levels left

rFire   . . .        E - +1 dagger (speed)
rCold   . . .        l - +0 tower shield
rNeg    . . .        a - +0 scale mail
rPois   .            (helmet restricted)
rElec   .            (no cloak)
rCorr   .            (no gloves)
SInv    .            (no boots)
Will    .....        j - amulet of regeneration Stlth
                     e - ring of magical power
HPRegen 1.10/turn    m - ring of wizardry
MPRegen 0.16/turn

%: wizardry (x1)
@: mighty, lethally poisoned (0 -> -1), hasted, very quick
A: horns 2, spiny 1, demonic magic 2
a: no special abilities


You were on level 6 of the Dungeon.
You visited 2 branches of the dungeon, and saw 7 of its levels.

You collected 227 gold pieces.

Inventory:

Hand Weapons
 n - a +0 dagger
 v - a +2 dagger of draining
 E - a +1 dagger of speed (weapon)
Missiles
 o - 61 stones (quivered)
 A - 3 boomerangs
 F - 13 curare-tipped darts
Armour
 a - a +0 scale mail (worn)
 b - a +1 buckler
 l - a +0 tower shield (worn)
Magical Staves
 i - a staff of alchemy
Jewellery
 e - a ring of magical power (left hand)
 j - an amulet of regeneration (around neck)
 m - a ring of wizardry (right hand)
Wands
 G - a wand of roots (6)
Scrolls
 d - a scroll of teleportation
 h - 2 scrolls of immolation
 k - a scroll of amnesia {unknown}
 p - 3 scrolls of revelation
 q - 6 scrolls of enchant armour
 t - a scroll of silence {unknown}
 u - a scroll of poison
 w - a scroll of enchant weapon
 y - a scroll of vulnerability
 C - 2 scrolls of fog
 H - a scroll of noise {unknown}
Potions
 f - a potion of cancellation
 r - a potion of resistance
 x - 3 potions of enlightenment
 z - a potion of brilliance
 D - a potion of lignification {unknown}
 I - a potion of degeneration {unknown}


   Skills:
 - Level 4.0 Fighting
 * Level 8.8 Short Blades
 - Level 1.0 Throwing
 - Level 3.0 Armour
 - Level 1.0 Dodging
 - Level 1.0 Stealth
 - Level 4.0 Shields
 - Level 2.0 Unarmed Combat
 - Level 1.0 Spellcasting
 + Level 3.4 Evocations
 - Level 1.0 Shapeshifting


You had 10 spell levels left.
You didn't know any spells.
Your spell library contained the following spells:

 Spells                   Type           Power      Damage    Failure   Level
 Apportation              Tloc           0%         N/A       95%         1
 Foxfire                  Conj/Fire      0%         2x1d4     95%         1
 Necrotise                Necr           0%         1d4       95%         1
 Sting                    Conj/Alch      0%         1d3       95%         1
 Summon Small Mammal      Summ           0%         N/A       95%         1
 Hailstorm                Conj/Ice       0%         3d5       100%        3
 Summon Ice Beast         Ice/Summ       0%         N/A       100%        3
 Plasma Beam              Fire/Air       0%         2x1d10    100%        6
 Sculpt Simulacrum        Ice/Alch       0%         N/A       100%        6
 Starburst                Conj/Fire      0%         6d3       100%        6


Dungeon Overview and Level Annotations

Branches:
Dungeon (6/15)             Temple (1/1) D:5

Altars:
Cheibriados
Dithmenos
Gozag
Kikubaaqudgha
Nemelex Xobeh
Okawaru
Qazlal
Sif Muna
Trog
Uskayaw
Wu Jian
Yredelemnul


Innate Abilities, Weirdness & Mutations

You have a pair of horns on your head.
You are partially covered in sharp spines.
Spells you cast may paralyse nearby enemies.


Message History

You kill the black bear!
The orc hits you with a +2 flail of venom.
* * * LOW HITPOINT WARNING * * *
You are poisoned.
You have reached level 9!
Your experience leads to an increase in your attributes!
Increase (S)trength, (I)ntelligence, or (D)exterity?
You feel stronger. x2; Your demonic ancestry asserts itself...
The horns on your head grow some more.
You hit the orc.
The orc is almost dead.
* * * LOW HITPOINT WARNING * * *
You feel sick.
You hit the orc.
You kill the orc!
You feel sick.
You hit the black bear.
The black bear is lightly wounded.
You are no longer corroded.
* * * LOW HITPOINT WARNING * * *
You feel sick. You block the black bear's attack. x3
You hit the black bear.
The black bear is moderately wounded.
Okay, then.
You puncture the black bear! Your headbutt misses the black bear.
The black bear is heavily wounded.
You feel sick.
The black bear bites you but does no damage.
The black bear claws you but does no damage.
The black bear barely misses you.
You hit the black bear.
The black bear is severely wounded.
You feel sick.
The black bear is struck by your spines.
The black bear bites you but does no damage.
The black bear claws you but does no damage.
You block the black bear's attack.
It was a potion of haste.
You feel yourself speed up.
You feel sick. The black bear bites you.
You die...

#######..####......##.#######.
#........##....###.##.##....#.
#..........<#.####.......#..#.
####......."...#.......#.##.#...#
...............####.......#.##...
.............#..###.........###.#
###...)..........##.......### #..
☼.#....)........###.......# ###
..#..)..........@)####.#### ###
'##...###########h..##.# #####..
......# #...........#.####......
......# #.......†...#........###
.....## #...........##.##....#
###### #...........##.#..##.##
#...........##.........#
....g.........†#.###.#.#
D...........##...# #....


You could see a black bear.

Vanquished Creatures
  Sigmund (D:4)
  The ghost of Splishie the Ruffian, an amateur DrSh (D:4)
  Edmund (D:5)
  An acid dragon (D:6)
  A black bear (D:6)
  A sky beast (D:6)
  2 ogres (D:4)
  A phantom (D:6)
  2 kobold brigands (D:4)
  A bullfrog (D:6)
  A scorpion (D:5)
  2 bombardier beetles
  A jelly (D:5)
  3 orc priests
  A sleepcap (D:5)
  3 hounds (D:6)
  2 iguanas
  2 orc wizards (D:4)
  5 gnolls (D:6)
  9 adders
  A shadow imp (D:5)
  3 ufetubi
  2 ribbon worms
  18 orcs
  5 endoplasms
  4 giant cockroaches
  15 goblins
  6 hobgoblins
  4 jackals (D:1)
  A quokka (D:4)
  11 ball pythons
  8 bats
  3 frilled lizards (D:3)
  16 kobolds
  7 rats
145 creatures vanquished.

Notes
Turn   | Place    | Note
-------+----------+-------------------------------------------
     0 | D:1      | IdlyInterested the Demonspawn Fighter began the quest for
                  | the Orb.
     0 | D:1      | Reached XP level 1. HP: 18/18 MP: 1/1
   245 | D:1      | Gained mutation: You are partially covered in sharp spines.
                  | [demonic ancestry]
   245 | D:1      | Reached XP level 2. HP: 24/24 MP: 2/2
   450 | D:1      | Gained mutation: Spells you cast may paralyse adjacent
                  | enemies. [demonic ancestry]
   450 | D:1      | Reached XP level 3. HP: 27/30 MP: 3/3
  1042 | D:2      | Found a faded altar of an unknown god.
  1050 | D:2      | Reached skill level 1 in Short Blades
  1084 | D:2      | Gained mutation: You have a pair of small horns on your
                  | head. [demonic ancestry]
  1084 | D:2      | Reached XP level 4. HP: 37/37 MP: 4/4
  1334 | D:2      | Reached skill level 1 in Throwing
  1521 | D:2      | Reached skill level 2 in Short Blades
  1762 | D:3      | Found a snail-covered altar of Cheibriados.
  1878 | D:3      | Reached skill level 1 in Dodging
  1943 | D:3      | Gained mutation: Spells you cast may paralyse nearby
                  | enemies. [demonic ancestry]
  1943 | D:3      | Reached XP level 5. HP: 42/42 MP: 5/5
  2353 | D:3      | Found an ornate altar of the Wu Jian Council.
  2360 | D:3      | Noticed a spectral centipede
  2360 | D:3      | Noticed a spectral black mamba
  2360 | D:3      | Noticed a spectral cane toad
  2457 | D:4      | Reached skill level 3 in Short Blades
  2484 | D:4      | Noticed an ogre
  2492 | D:4      | Killed an ogre
  2493 | D:4      | Reached skill level 1 in Stealth
  2493 | D:4      | Reached XP level 6. HP: 41/48 MP: 6/6
  2507 | D:4      | Found an opulent altar of Gozag.
  2615 | D:4      | Found a runed translucent door.
  2616 | D:4      | Noticed Splishie's ghost (amateur DrSh)
  2623 | D:4      | Reached skill level 4 in Short Blades
  2652 | D:4      | Killed Splishie's ghost
  2691 | D:4      | Found a runed translucent door.
  2725 | D:4      | Reached skill level 5 in Short Blades
  2773 | D:4      | Found a stormy altar of Qazlal.
  2818 | D:4      | Reached skill level 1 in Spellcasting
  2818 | D:4      | Reached XP level 7. HP: 22/54 MP: 8/8
  2912 | D:4      | Reached skill level 1 in Evocations
  3051 | D:4      | Noticed Sigmund
  3059 | D:4      | Killed Sigmund
  3060 | D:4      | Reached skill level 6 in Short Blades
  3060 | D:4      | Reached skill level 1 in Shapeshifting
  3343 | D:4      | Found a shimmering blue altar of Sif Muna.
  3644 | D:5      | Entered Level 5 of the Dungeon
  3822 | D:5      | Reached XP level 8. HP: 58/60 MP: 9/9
  3849 | D:5      | Found a staircase to the Ecumenical Temple.
  3884 | Temple   | Entered the Ecumenical Temple
  3944 | D:5      | Reached skill level 7 in Short Blades
  4292 | D:5      | You fall into a shaft and drop 1 floor!
  4676 | D:5      | Noticed Edmund
  4703 | D:5      | Killed Edmund
  5118 | D:6      | Reached skill level 8 in Short Blades
  5429 | D:6      | Gained mutation: You have a pair of horns on your head.
                  | [demonic ancestry]
  5429 | D:6      | Reached XP level 9. HP: 4/65 MP: 10/10
  5429 | D:6      | HP: 3/65 [poisoned by an orc]
  5431 | D:6      | HP: 1/65 [poisoned by an orc]
  5435 | D:6      | Slain by a black bear

Illustrated notes

Levels and vault maps discovered:
D:1:      eino_arrival_druids_welcome, layout_basic
D:2:      layout_loops_ring, dreamdust_ecumenical_altar_grove,
          serial_bayou_pond_c, minmay_goblin_kobold_house
D:3:      layout_loops_ring, mainiacjoe_overflow_six_doors_small,
          pdpol_wu_jian_five_deadly_venoms, kennysheep_generic_room_2
D:4:      cheibrodos_thug_alley, layout_loops_ring, grunt_gozag_breadcrumbs,
          led_sif_pool, mainiacjoe_overflow_brackets, ebering_ghost_sewer_f,
          uniq_sigmund
D:5:      layout_layer_cave, temple_statues, kennysheep_nub, uniq_edmund
D:6:      layout_basic, mainiacjoe_overflow_alcove_1, nicolae_vehumet_radiance,
          dreamdust_gnoll_farm
Temple:   nicolae_temple_superstar

Skill      XL: |  1  2  3  4  5  6  7  8 |
---------------+-------------------------+-----
Fighting       | 4 |  4.0
Unarmed Combat | 2 |  2.0
Armour         | 3 |  3.0
Short Blades   | 1 2 3 5 6 8 |  8.8
Throwing       | 1 |  1.0
Dodging        | 1 |  1.0
Shields        | 3 4 |  4.0
Stealth        | 1 |  1.0
Spellcasting   | 1 |  1.0
Evocations     | 1 3 |  3.4
Shapeshifting  | 1 |  1.0

Action                     |  1- 3 |  4- 6 |  7- 9 || total
---------------------------+-------+-------+-------++-------
  Melee: Unarmed           |   102 |    51 |       ||   153
         Dagger            |       |    97 |   301 ||   398
         Headbutt          |       |    22 |    68 ||    90
  Throw: Stone             |       |     8 |     7 ||    15
    Use: Scroll            |     1 |     6 |     1 ||     8
         Potion            |     1 |     3 |     6 ||    10
 Armour: Scale mail        |    57 |    65 |   145 ||   267
  Dodge: Dodged            |    53 |    40 |    48 ||   141
  Block: Buckler           |    20 |    25 |     6 ||    51
         Tower shield      |       |       |   160 ||   160

Table legend: (Time is in decaauts)
 A = Elapsed time spent in this place.
 B = Non-inter-level travel time spent in this place.
 C = Inter-level travel time spent in this place.
 D = Time resting spent in this place.
 E = Time spent auto-exploring this place.
 F = Levels seen in this place.
 G = Mean time per level.
                   A        B        C        D        E       F      G
               +--------+--------+--------+--------+--------+-----+--------+
         Total |   5382 |   4945 |    437 |    160 |   3450 |   7 |  768.9 |
       Dungeon |   5380 |   4943 |    437 |    160 |   3450 |   6 |  896.7 |
        Temple |      1 |      1 |      0 |      0 |      0 |   1 |    1.0 |
               +--------+--------+--------+--------+--------+-----+--------+

Top non-repeatable levels by time:
     D:5: 1365 daAuts
     D:4: 1195 daAuts
     D:1: 925 daAuts
     D:2: 804 daAuts
     D:3: 722 daAuts
     D:6: 366 daAuts
  Temple: 1 daAuts
